 Dungeon Crawl Stone Soup version 0.24-b1-30-g840c9efd86 (webtiles) character file.

Game seed: 12063518454358976899, levelgen mode: deterministic

686 Mesmaeker13 the Slasher (level 7, -2/59 HPs)
             Began as a Demigod Skald on Oct 24, 2019.
             Splashed by an orc's acid (10 damage)
             ... on level 4 of the Dungeon.
             The game lasted 00:08:47 (6577 turns).

Mesmaeker13 the Slasher (Demigod Skald)             Turns: 6577, Time: 00:08:48

Health: -2/59      AC:  0    Str: 18    XL:     7   Next: 13%
Magic:  12/12      EV: 14    Int: 17    God:
Gold:   178        SH:  0    Dex: 15    Spells: 8/9 levels left

rFire    . . .     SeeInvis .   a - +0 falchion
rCold    . . .     Gourm    .   (no shield)
rNeg     . . .     Faith    .   b - +0 leather armour
rPois    .         Spirit   .   (no helmet)
rElec    .         Reflect  .   (no cloak)
rCorr    .         Harm     .   (no gloves)
MR       .....                  (no boots)
Stlth    +.........             (no amulet)
HPRegen  0.19/turn              (no ring)
MPRegen  0.13/turn              (no ring)

@: corroded
A: high mp 1
a: no special abilities


You were on level 4 of the Dungeon.
You were not hungry.

You visited 1 branch of the dungeon, and saw 4 of its levels.
You also visited: Sewer.

You collected 178 gold pieces.

Inventory:

Hand Weapons
 a - a +0 falchion (weapon)
 h - a +0 whip of freezing
 s - a +0 morningstar
Missiles
 t - 11 boomerangs (quivered)
Armour
 b - a +0 leather armour (worn)
Scrolls
 c - 2 scrolls of amnesia
 e - 5 scrolls of remove curse
 i - a scroll of magic mapping {unknown}
 m - a scroll of teleportation {unknown}
 n - a scroll of blinking {unknown}
 r - a scroll of fear
Potions
 j - 3 potions of mutation
 k - a potion of curing {unknown}
 l - 4 potions of heal wounds
 o - a potion of cancellation {unknown}
 p - 2 potions of flight {unknown}
 u - a potion of invisibility {unknown}
Comestibles
 d - 7 rations
 f - a chunk of flesh


   Skills:
 + Level 4.0 Fighting
 + Level 4.1 Long Blades
 + Level 3.6 Armour
 + Level 3.9 Dodging
 - Level 1.7 Spellcasting
 - Level 2.6 Charms


You had 8 spell levels left.
You knew the following spells:

 Your Spells              Type           Power        Failure   Level  Hunger
a - Infusion              Chrm           ##..         8%          1    #......

Your spell library contained the following spells:

 Spells                   Type           Power        Failure   Level  Hunger
 Song of Slaying          Chrm           ##......     12%         2    ###....
 Shroud of Golubria       Chrm/Tloc      #.....       21%         2    ###....
 Corona                   Hex            #......      24%         1    #......
 Slow                     Hex            #.......     34%         2    ###....
 Regeneration             Chrm/Necr      #.........   38%         3    ###....
 Spectral Weapon          Hex/Chrm       #.......     38%         3    ###....
 Inner Flame              Hex/Fire       #.......     56%         3    ###....
 Portal Projectile        Hex/Tloc       #.....       56%         3    ###....
 Cause Fear               Hex            #.........   93%         4    #####..
 Leda's Liquefaction      Hex/Erth       #.........   93%         4    #####..


Dungeon Overview and Level Annotations

Branches:
Dungeon (4/15)              Sewer (visited)
 Temple: D:4-7

Annotations:
D:2 Sigmund


Innate Abilities, Weirdness & Mutations

You have an increased reservoir of magic. (+10% MP)


Message History

Okay, then.
You see here a frilled lizard corpse.
You butcher the frilled lizard corpse.
f - a chunk of flesh You see here a frilled lizard skeleton.
The orc is too close now for your liking.
An orc is nearby!
A howler monkey skeleton comes into view.
The orc throws a stone.
The stone barely misses you.
The orc zaps a wand.
The bolt of acid hits you!
You are splashed with acid!
There is a stone staircase leading up, spattered with blood here.
The orc throws a stone.
The stone hits you.
Things that are here:
a stone; a +0 robe; a +0 dagger The orc throws a stone.
The stone barely misses you.
The orc throws a stone.
The stone misses you.
The orc zaps a wand.
The bolt of acid hits you!!
* * * LOW HITPOINT WARNING * * *
The acid corrodes you!
You are splashed with acid!
You die...

#.# #.# #.# #.# ######{#
###......####
#........รท..#
#o#.#######.# #@#.#####
#.# #.......# #.#
#...###.# #.# #.(.# #.#
#.# #.<.# #.###.######
###.####...# #...........
..Z.....((.#######.######
...................#
....################


You could see an orc.

Vanquished Creatures
  A big kobold (Sewer)
  A scorpion (D:4)
  2 howler monkeys (D:4)
  6 orc wizards
  Jessica (D:2)
  An iguana (D:4)
  A worker ant (D:4)
  A hound skeleton (D:4)
  7 adders
  2 river rats
  2 oozes
  6 worms
  4 dart slugs
  2 leopard geckos
  11 orcs
  2 ball pythons (D:4)
  8 bats
  7 giant cockroaches
  11 goblins
  11 hobgoblins
  13 jackals
  5 kobolds
  5 frilled lizards
  A quokka skeleton (D:4)
  17 rats
128 creatures vanquished.

Notes
Turn   | Place    | Note
-------+----------+-------------------------------------------
     0 | D:1      | Mesmaeker13 the Demigod Skald began the quest for the Orb.
     0 | D:1      | Reached XP level 1. HP: 17/17 MP: 5/5
   119 | D:1      | Reached skill level 1 in Armour
   317 | D:1      | Reached XP level 2. HP: 21/24 MP: 7/7
  1311 | D:2      | Noticed Jessica
  1316 | D:2      | Reached XP level 3. HP: 26/29 MP: 2/8
  1319 | D:2      | Killed Jessica
  1717 | D:2      | Reached XP level 4. HP: 30/37 MP: 5/9
  2466 | D:2      | Noticed Sigmund
  2466 | D:2      | Noticed a +0 hand axe
  2589 | D:3      | Found a sacrificial altar of Ru.
  2642 | D:3      | Reached XP level 5. HP: 37/44 MP: 0/10
  2790 | D:3      | Found a glowing drain.
  2814 | Sewer    | Entered a sewer
  3199 | Sewer    | Found a white marble altar of Elyvilon.
  4200 | D:3      | Reached XP level 6. HP: 51/51 MP: 11/11
  5936 | D:4      | Reached XP level 7. HP: 23/58 MP: 3/12
  6213 | D:4      | Found a sparkling altar of Nemelex Xobeh.
  6577 | D:4      | Splashed by an orc's acid

Skill      XL: |  1  2  3  4  5  6  7 |
---------------+----------------------+-----
Armour         | 1 2 3 |  3.6
Fighting       | 2 3 4 |  4.0
Long Blades    | 2 3 4 |  4.1
Dodging        | 2 3 |  3.9
Spellcasting   | |  1.7
Charms         | |  2.6

Action                   |  1- 3 |  4- 6 |  7- 9 || total
-------------------------+-------+-------+-------++-------
Melee: Falchion          |   108 |   262 |    20 ||   390
       Whip              |       |    46 |       ||    46
Throw: Boomerang         |       |     9 |       ||     9
 Cast: Infusion          |     8 |    29 |     1 ||    38
  Use: Scroll            |     3 |     2 |       ||     5
       Potion            |       |     3 |       ||     3
 Stab: Sleeping          |     2 |     1 |       ||     3
       Paralysed         |       |     2 |       ||     2
  Eat: Chunk             |     3 |    15 |     2 ||    20
Armor: Leather armour    |    32 |    64 |     2 ||    98
Dodge: Dodged            |    65 |   245 |    19 ||   329
       Rpst.: Falchion   |    17 |    82 |     4 ||   103
